 Dungeon Crawl Stone Soup version 0.28-a0-60-g54b5640690 (webtiles) character file.

Game seed: 12453002893095013202

429 Demosthentine the Poker (level 6, 0/49 HPs)
             Began as a Merfolk Gladiator on July 30, 2021.
             Was an Initiate of the Shining One.
             Succumbed to a water moccasin's poison
             ... on level 5 of the Dungeon.
             The game lasted 00:03:18 (4077 turns).

Demosthentine the Poker (Merfolk Gladiator)         Turns: 4077, Time: 00:03:19

Health: 0/49       AC:  5    Str: 16    XL:     6   Next: 98%
Magic:  6/6        EV: 14    Int:  7    God:    the Shining One [......]
Gold:   166        SH:  0    Dex: 16    Spells: 5/5 levels left

rFire   . . .      SeeInvis .   a - +0 trident
rCold   . . .      Faith    .   (no shield)
rNeg    . . .      Spirit   .   l - +1 leather armour {rPois}
rPois   +          Reflect  .   c - +0 helmet
rElec   .          Harm     .   (no cloak)
rCorr   .          Rampage  .   (no gloves)
Will    .....                   (no boots)
Stlth   +.........              (no amulet)
HPRegen 0.16/turn               (no ring)
MPRegen 0.10/turn               (no ring)

@: lethally poisoned (0 -> -3), glowing
A: (nimble swimmer 2), mertail
a: Renounce Religion


You were on level 5 of the Dungeon.
You worshipped the Shining One.
The Shining One was noncommittal.
You visited 2 branches of the dungeon, and saw 6 of its levels.

You collected 166 gold pieces.

Inventory:

Hand Weapons
 a - a +0 trident (weapon)
Missiles
 d - 3 throwing nets (quivered)
Armour
 c - a +0 helmet (worn)
 l - a +1 leather armour of poison resistance (worn)
Wands
 k - a wand of paralysis (3)
Scrolls
 e - a scroll of magic mapping
Potions
 b - a potion of heal wounds
 f - a potion of lignification
 h - a potion of mutation {unknown}


   Skills:
 + Level 4.3 Fighting
 + Level 6.6 Polearms
 - Level 2.0 Throwing
 + Level 2.3 Armour
 + Level 6.0 Dodging


You had 5 spell levels left.
You didn't know any spells.
Your spell library contained the following spells:

 Spells                   Type           Power      Damage    Failure   Level
 Slow                     Hex            0%         N/A       63%         2
 Call Canine Familiar     Summ           0%         N/A       86%         3
 Confusing Touch          Hex            0%         N/A       86%         3
 Ignite Poison            Fire/Tmut/Pois 0%         N/A       86%         3
 Mephitic Cloud           Conj/Pois/Air  0%         N/A       86%         3
 Portal Projectile        Hex/Tloc       0%         N/A       86%         3
 Vampiric Draining        Necr           0%         2d6       86%         3
 Leda's Liquefaction      Hex/Erth       0%         N/A       99%         4
 Bolt of Magma            Conj/Fire/Erth 0%         4d4       100%        5


Dungeon Overview and Level Annotations

Branches:
Dungeon (5/15)             Temple (1/1) D:4

Altars:
Ashenzari
Cheibriados
Dithmenos
Fedhas
Hepliaklqana
Kikubaaqudgha
Makhleb
Okawaru
Qazlal
Ru
Sif Muna
Uskayaw
Vehumet
Yredelemnul
Zin
The Shining One


Innate Abilities, Weirdness & Mutations

((You are quick and stealthy near water. (Stealth+, EV+, Speed+++)))
Your lower body shifts to a powerful aquatic tail in water.


Message History

The gnoll misses you.
You hit the gnoll.
You kill the gnoll!
You see here a +1 flail of holy wrath.
You see here a +1 flail of holy wrath.
Items here: )) ††.
You see here a +2 dagger of venom.
There is a stone staircase leading down here.
You climb downwards.
The water moccasin closely misses you. The water moccasin bites you.
The gnoll hits you with a +0 whip.
There is a stone staircase leading up, spattered with blood here.
You barely miss the water moccasin.
The water moccasin completely misses you.
The gnoll hits you with a +0 whip. The water moccasin bites you.
You hit the water moccasin.
The water moccasin is lightly wounded.
The gnoll barely misses you.
The water moccasin bites you but does no damage.
You hit the water moccasin but do no damage.
The water moccasin is lightly wounded.
The water moccasin completely misses you.
The gnoll hits you with a +0 whip. The gnoll misses you.
The water moccasin closely misses you. The water moccasin bites you.
You are poisoned.
The water moccasin poisons you!
You feel very sick.
* * * LOW HITPOINT WARNING * * *
You feel very sick. The water moccasin barely misses you.
Found a kite shield.
You feel sick. The water moccasin closely misses you.
You feel sick.
You see here a +0 kite shield.
You feel sick. The water moccasin barely misses you.
You feel sick.
You see here a scroll of magic mapping.
You feel sick. The water moccasin bites you.
* * * LOW HITPOINT WARNING * * *
You die...

.... .... .... ..
#.. ### ... ...
..# ...#
###.####.#
....#......#.# .
#..#.###.<.@# ..
###....#.....##.#
.......#.###S...#
#..g#.g..###
###.#[#### #...#
#####


You could see a water moccasin and a gnoll.

Vanquished Creatures
  An ogre (D:4)
  2 scorpions
  An orc priest (D:4)
  Ijyb (D:3)
  A hound skeleton (D:4)
  3 gnolls (D:4)
  4 adders
  An ufetubus (D:4)
  An adder skeleton (D:4)
  2 worms
  11 orcs
  4 bats
  3 endoplasms
  A giant cockroach (D:1)
  10 goblins
  10 hobgoblins
  6 quokkas
  3 ball pythons
  3 frilled lizards
  7 kobolds
  8 rats
83 creatures vanquished.

Notes
Turn   | Place    | Note
-------+----------+-------------------------------------------
     0 | D:1      | Demosthentine the Merfolk Gladiator began the quest for the
                  | Orb.
     0 | D:1      | Reached XP level 1. HP: 16/16 MP: 1/1
    66 | D:1      | Reached XP level 2. HP: 23/23 MP: 2/2
   682 | D:1      | Reached XP level 3. HP: 26/28 MP: 3/3
  1032 | D:2      | Found a faded altar of an unknown god.
  1246 | D:2      | Reached skill level 5 in Polearms
  1246 | D:2      | Reached skill level 1 in Armour
  1656 | D:3      | Reached XP level 4. HP: 34/34 MP: 4/4
  1952 | D:3      | Noticed Ijyb
  1953 | D:3      | Paralysed by Ijyb for 7 turns
  1972 | D:3      | Killed Ijyb
  2605 | D:4      | Found a staircase to the Ecumenical Temple.
  2612 | D:4      | Reached skill level 5 in Dodging
  2612 | D:4      | Reached XP level 5. HP: 36/41 MP: 5/5
  2725 | Temple   | Entered the Ecumenical Temple
  2815 | Temple   | Became a worshipper of the Shining One
  2839 | D:4      | Noticed a +0 spear
  2839 | D:4      | Noticed a +0 short sword
  2839 | D:4      | Noticed a +0 dagger
  2840 | D:4      | Noticed a +0 spear
  2840 | D:4      | Noticed a +0 dagger
  2841 | D:4      | Noticed a +0 falchion
  2842 | D:4      | Noticed a +0 falchion
  2842 | D:4      | Noticed a +0 short sword
  2856 | D:4      | Found a hide-covered altar of Uskayaw.
  3075 | D:4      | Found a sacrificial altar of Ru.
  3075 | D:4      | Found an iron altar of Okawaru.
  3127 | D:4      | Noticed an ogre
  3135 | D:4      | Killed an ogre
  3136 | D:4      | Reached XP level 6. HP: 30/48 MP: 6/6
  3993 | D:5      | Entered Level 5 of the Dungeon
  3996 | D:5      | Noticed a water moccasin
  4076 | D:5      | HP: 1/49 [water moccasin (5)]
  4077 | D:5      | Succumbed to a water moccasin's poison

Illustrated notes

Levels and vault maps discovered:
D:1:      kennysheep_arrival_forest, layout_basic, minmay_misc_feat_rugged,
          chequers_jeans
D:2:      layout_basic, hellmonk_ecumenical_altar_arch_garden
D:3:      layout_basic, serial_corexii_hall, chequers_hall_statues_corner_a,
          chequers_hall_statues_y, chequers_hall_statues_wall_a,
          corexii_hall_statues_i, uniq_ijyb
D:4:      layout_cave_pools, nicolae_uskayaw_en_pointe,
          gammafunk_temple_overflow_statue, minmay_temple_entry_crystal_x
D:5:      layout_basic, hangedman_abyss_or_decor_stabs, sigmund_edmund_badplayer
Temple:   nicolae_temple_god_jail

Skill      XL: |  1  2  3  4  5  6 |
---------------+-------------------+-----
Polearms       | 5 6 |  6.6
Armour         | 1 2 |  2.3
Fighting       | 3 4 |  4.3
Dodging        | 5 6 |  6.0
Throwing       | |  2.0

Action                   |  1- 3 |  4- 6 || total
-------------------------+-------+-------++-------
Melee: Trident           |   115 |   163 ||   278
  Use: Scroll            |     1 |     5 ||     6
       Potion            |       |     4 ||     4
 Stab: Sleeping          |     4 |     2 ||     6
Armor: Leather armour    |    18 |    26 ||    44
Dodge: Dodged            |    37 |   124 ||   161

Table legend: (Time is in decaauts)
 A = Elapsed time spent in this place.
 B = Non-inter-level travel time spent in this place.
 C = Inter-level travel time spent in this place.
 D = Time resting spent in this place.
 E = Time spent auto-exploring this place.
 F = Levels seen in this place.
 G = Mean time per level.
                   A        B        C        D        E       F      G
               +--------+--------+--------+--------+--------+-----+--------+
         Total |   4069 |   4006 |     63 |    289 |   3037 |   6 |  678.2 |
       Dungeon |   3961 |   3898 |     63 |    289 |   2974 |   5 |  792.2 |
        Temple |    108 |    108 |      0 |      0 |     63 |   1 |  108.0 |
               +--------+--------+--------+--------+--------+-----+--------+

Top non-repeatable levels by time:
     D:3: 1362 daAuts
     D:1: 972 daAuts
     D:4: 918 daAuts
     D:2: 685 daAuts
  Temple: 108 daAuts
     D:5: 21 daAuts
